[Event "*** Titled Tuesday Blitz"]
[Site "Chess.com"]
[Date "2020.04.21"]
[Round "1"]
[White "H3nriqueTV"]
[Black "Mfcyryd"]
[Result "0-1"]
[WhiteElo "2152"]
[BlackElo "2543"]
[TimeControl "180+1"]
[EndTime "10:04:31 PDT"]
[Termination "Mfcyryd won by resignation"]

1. b3 Nf6 2. Bb2 e6 3. e3 a5 4. a4 b6 5. f4 Bb7 6. Nf3 d5 7. Be2 Be7 8. O-O Nbd7 9. Qe1 c5 10. Qg3 O-O 11. Ne5 Nxe5 12. Bxe5 Ne8 13. Bb5 Bf6 14. d4 Nd6 15. Nc3 cxd4 16. exd4 Rc8 17. Bd3 Rxc3 18. Bxh7+ Kxh7 19. Qxc3 Ne4 20. Qd3 g6 21. Rf3 Kg7 22.
Rh3 Rh8 23. Rxh8 Qxh8 24. Qb5 Qd8 25. Rf1 Bxe5 26. fxe5 Qc7 27. Qe8 Bc6 0-1

[Event "*** Titled Tuesday Blitz"]
[Site "Chess.com"]
[Date "2020.04.21"]
[Round "1"]
[White "hitaman"]
[Black "Manukyan_Artak"]
[Result "1-0"]
[WhiteElo "2702"]
[BlackElo "2363"]
[TimeControl "180+1"]
[EndTime "10:04:32 PDT"]
[Termination "hitaman won by resignation"]

1. e4 c6 2. d4 d5 3. e5 Bf5 4. h4 h5 5. Bd3 Bxd3 6. Qxd3 Qa5+ 7. Bd2 Qa6 8. e6 Qxd3 9. exf7+ Kxf7 10. cxd3 Nd7 11.
Nf3 g6 12. O-O Bh6 13. Bc3 Ngf6 14. Nbd2 Rae8 15. Rae1 Ng4 16. Ng5+ Bxg5 17. hxg5 e5 18. f3 Ne3 19. Rxe3 exd4 20. Bxd4 Rxe3 21. Bxe3 Re8 22.
Re1 Ne5 23. Bxa7 Nxd3 24. Rxe8 Kxe8 25. Bd4 c5 26. Bf6 d4 27. b3 Nc1 28. a4 Kd7 29. Kf2 Kc6 30. f4 Nd3+ 31. Kf3 Ne1+ 32. Kg3 b5 33. a5 h4+ 34. Kh3 Nd3 35. f5 gxf5 36. Kxh4 Nf4 37. g3 Nd5 38. Be5 Ne7 39. Kh5 Kd5 40. a6 Nc6 41. g6 1-0

[Event "*** Titled Tuesday Blitz"]
[Site "Chess.com"]
[Date "2020.04.21"]
[Round "1"]
[White "SamuelGhimpu2003"]
[Black "kasparicy"]
[Result "1-0"]
[WhiteElo "2657"]
[BlackElo "2329"]
[TimeControl "180+1"]
[EndTime "10:04:32 PDT"]
[Termination "SamuelGhimpu2003 won on time"]

1. e4 c5 2. Nf3 d6 3. d4 cxd4 4.
Nxd4 Nf6 5. Nc3 a6 6. h3 e6 7. g4 Nfd7 8. Be3 Qc7 9. Qd2 b5 10.
O-O-O Bb7 11. a3 Nb6 12. Kb1 N8d7 13. f4 d5 14. exd5 Nxd5 15. Nxd5 Bxd5 16. Bg2 Bxg2 17. Qxg2 Nb6 18. Nxb5 1-0

[Event "*** Titled Tuesday Blitz"]
[Site "Chess.com"]
[Date "2020.04.21"]
[Round "1"]
[White "tamarozi99"]
[Black "lupta_robin"]
[Result "0-1"]
[WhiteElo "2001"]
[BlackElo "2502"]
[TimeControl "180+1"]
[EndTime "10:04:38 PDT"]
[Termination "lupta_robin won by resignation"]

1. e4 g6 2. d4 Nf6 3. Nc3 d5 4. e5 Ne4 5. Nce2 f6 6. f3 Ng5 7. h4 Nf7 8. f4 Bg4 9. Nf3 c5 10. c3 Nc6 11. Nh2 Bxe2 12. Bxe2 cxd4 13. cxd4 Qb6 14.
Nf3 Bh6 15. Bd2 Nxd4 16. Nxd4 Qxd4 17. e6 Nd6 18. g3 Ne4 19. Bb5+ Kf8 20. Qe2 Nxg3 21.
Qg2 Nxh1 22. Qxh1 Qxb2 0-1

[Event "*** Titled Tuesday Blitz"]
[Site "Chess.com"]
[Date "2020.04.21"]
[Round "1"]
[White "Oligan22"]
[Black "LittlePeasant"]
[Result "0-1"]
[WhiteElo "2415"]
[BlackElo "2795"]
[TimeControl "180+1"]
[EndTime "10:04:41 PDT"]
[Termination "LittlePeasant won by resignation"]

1. e4 c5 2. Nf3 e6 3. d4 cxd4 4. Nxd4 Nc6 5. Nc3 Qc7 6. Be2 a6 7. O-O Nf6 8. Be3 Be7 9. f4 d6 10. Qe1 O-O 11. Qg3 Nxd4 12. Bxd4 b5 13. a3 Bb7 14.
Rae1 Rad8 15. Bd3 Bc6 16. Qh3 e5 17. Be3 Qb7 18. Nd5 Bxd5 19. exd5 e4 20. Be2 Nxd5 21.
Bd4 Bf6 22. Bxf6 Nxf6 23. g4 Qc8 24. Qh4 Qxc2 25. g5 Nd5 26. Bg4 f5 27. gxf6 Nxf6 28.
Be6+ Kh8 29. Bf5 Qc5+ 0-1

[Event "*** Titled Tuesday Blitz"]
[Site "Chess.com"]
[Date "2020.04.21"]
[Round "1"]
[White "whogeeyao"]
[Black "Incognito_Knight"]
[Result "0-1"]
[WhiteElo "2379"]
[BlackElo "2723"]
[TimeControl "180+1"]
[EndTime "10:04:41 PDT"]
[Termination "Incognito_Knight won by resignation"]

1. e4 c5 2. Nf3 e6 3. d4 cxd4 4. Nxd4 a6 5. Bd3 Bc5 6. Nb3 Ba7 7. O-O Ne7 8. c4 Nbc6 9. Qe2 O-O 10. Nc3 d6 11. Be3 Bxe3 12. Qxe3 e5 13. Rad1 b6 14.
Nd2 Nd4 15. b3 Bg4 16. f3 Be6 17. Ne2 Nec6 18. Rfe1 b5 19. Rc1 Qb6 20. Qf2 Rfc8 21.
Nc3 Nb4 22. Bf1 Qa5 23. a4 Nbc2 0-1

[Event "*** Titled Tuesday Blitz"]
[Site "Chess.com"]
[Date "2020.04.21"]
[Round "1"]
[White "korkmaz16"]
[Black "nonscitis"]
[Result "0-1"]
[WhiteElo "2307"]
[BlackElo "2634"]
[TimeControl "180+1"]
[EndTime "10:04:42 PDT"]
[Termination "nonscitis won by resignation"]

1. e4 e5 2. Nf3 Nc6 3. d4 exd4 4. Bc4 Nf6 5. O-O Nxe4 6. Re1 d5 7. Bxd5 Qxd5 8. Nc3 Qa5 9. Nxe4 Be6 10. Bd2 Qd5 11. Bg5 Bd6 12. Bf6 Rg8 13. Qxd4 Nxd4 14.
Nxd4 Kd7 15. Rad1 Rae8 16. Bh4 Kc8 17. Nxe6 Qxe6 18. Nxd6+ Qxd6 0-1

[Event "*** Titled Tuesday Blitz"]
[Site "Chess.com"]
[Date "2020.04.21"]
[Round "1"]
[White "GMJustin"]
[Black "Azatic"]
[Result "0-1"]
[WhiteElo "2328"]
[BlackElo "2659"]
[TimeControl "180+1"]
[EndTime "10:04:43 PDT"]
[Termination "Azatic won on time"]

1. d4 Nf6 2. c4 g6 3. Nf3 Bg7 4. e3 O-O 5. Be2 c5 6. d5 d6 7. Nc3 e6 8. e4 Re8 9. Nd2 Na6 10. O-O Nc7 11. a4 a6 12. f4 exd5 13. cxd5 Rb8 14. a5 Bd7 15. Bf3 Nb5 16. Nxb5 Bxb5 17. Re1 h5 18. e5 dxe5 19. fxe5 Nxd5 20. Ne4 Rxe5 21. Nxc5 Rxe1+ 22. Qxe1 Bd4+ 23. Kh1 Bxc5 0-1

[Event "*** Titled Tuesday Blitz"]
[Site "Chess.com"]
[Date "2020.04.21"]
[Round "1"]
[White "BilodeauA"]
[Black "StockholmMissile"]
[Result "1-0"]
[WhiteElo "2860"]
[BlackElo "2449"]
[TimeControl "180+1"]
[EndTime "10:04:44 PDT"]
[Termination "BilodeauA won by resignation"]

1. e4 e5 2. Nf3 Nc6 3. Bb5 a6 4. Ba4 Nf6 5. O-O Be7 6. Re1 b5 7. Bb3 d6 8. c3 O-O 9. h3 Nb8 10.
d4 Nbd7 11. c4 c6 12. Nc3 h6 13. a3 Re8 14. Be3 Bf8 15. Qc2 Bb7 16. Rad1 Qc7 17.
Ba2 Rac8 18. b4 bxc4 19. dxe5 dxe5 20. Bxc4 Red8 21. Qa2 Nb8 22. Na4 Qe7 23. Nc5 Ne8 24. Bxf7+ Qxf7 25. Qxf7+ Kxf7 26. Nxb7 Rxd1 27. Rxd1 Ke6 28.
Bc5 Nf6 29. Nd8+ 1-0

[Event "*** Titled Tuesday Blitz"]
[Site "Chess.com"]
[Date "2020.04.21"]
[Round "1"]
[White "Oleksandr_Bortnyk"]
[Black "boasovietica"]
[Result "1-0"]
[WhiteElo "3027"]
[BlackElo "2474"]
[TimeControl "180+1"]
[EndTime "10:04:46 PDT"]
[Termination "Oleksandr_Bortnyk won by resignation"]

1. e4 e5 2. Bc4 Nf6 3. d3 Nc6 4. Nc3 Bc5 5. Be3 Bb4 6. Ne2 d5 7. exd5 Nxd5 8. O-O Nxe3 9. fxe3 O-O 10. Ng3 Bc5 11.
Qf3 Qe7 12. Nd5 Qd8 13. Ne4 Be7 14. Qh5 Be6 15. Nxe7+ Qxe7 16. Ng5 h6 17. Nxe6 fxe6 18. Qg6 Qc5 19. Bxe6+ Kh8 20. Bf5 Qxe3+ 21. Kh1 Rxf5 22.
Qxf5 Nd4 23. Qf2 Qg5 24. Rae1 Nc6 25. Qf7 1-0

[Event "*** Titled Tuesday Blitz"]
[Site "Chess.com"]
[Date "2020.04.21"]
[Round "1"]
[White "eldur16"]
[Black "Efremov_Vlad"]
[Result "1-0"]
[WhiteElo "2543"]
[BlackElo "2152"]
[TimeControl "180+1"]
[EndTime "10:04:48 PDT"]
[Termination "eldur16 won by resignation"]

1. c4 e6 2. d4 d5 3. Nc3 Bb4 4.
e3 Nf6 5. Bd3 O-O 6. a3 Bxc3+ 7.
bxc3 c5 8. Nf3 dxc4 9. Bxc4 b6 10. O-O Bb7 11. Bd3 Nbd7 12. c4 Rc8 13. Bb2 Qc7 14.
Qe2 Qb8 15. Rfd1 Qa8 16. a4 Bxf3 17. Qxf3 Qxf3 18. gxf3 cxd4 19. exd4 Nh5 20. a5 Nf4 21. Bf1 Rc7 22. axb6 axb6 23. Ba3 Ng6 24. Bxf8 Kxf8 25.
d5 exd5 26. cxd5 Rc3 27. d6 f6 28. Ra8+ Kf7 29. Ra7 Nf8 30. Bh3 Ke8 31. Re1+ Ne5 32. f4 Rxh3 33. fxe5 1-0

[Event "*** Titled Tuesday Blitz"]
[Site "Chess.com"]
[Date "2020.04.21"]
[Round "1"]
[White "Vaathi_Coming"]
[Black "White_Ghost"]
[Result "1-0"]
[WhiteElo "2832"]
[BlackElo "2436"]
[TimeControl "180+1"]
[EndTime "10:04:49 PDT"]
[Termination "Vaathi_Coming won by resignation"]

1. Nf3 Nf6 2. g3 g6 3. Bg2 Bg7 4.
O-O O-O 5. d4 d6 6. a4 Nbd7 7. a5 a6 8. Nc3 e5 9. e4 Re8 10. Re1 exd4 11. Nxd4 Nc5 12. h3 Bd7 13. f3 Nh5 14. Kh2 c6 15. Be3 Qc7 16. f4 Re7 17. Bf2 Rae8 18. Re2 Nf6 19. Qe1 h5 20.
Rd1 Qxa5 21. Nd5 Qd8 22. Nxe7+ Rxe7 23. e5 dxe5 24. fxe5 Nh7 25. Nxc6 bxc6 26. Bxc5 1-0

[Event "*** Titled Tuesday Blitz"]
[Site "Chess.com"]
[Date "2020.04.21"]
[Round "1"]
[White "noblerone"]
[Black "jefferyx"]
[Result "0-1"]
[WhiteElo "2449"]
[BlackElo "2857"]
[TimeControl "180+1"]
[EndTime "10:04:51 PDT"]
[Termination "jefferyx won by resignation"]

1. d4 Nf6 2. Nf3 g6 3. Bg5 Bg7 4. Nbd2 h6 5. Bh4 O-O 6. e3 d6 7.
Bc4 b6 8. Bxf6 Bxf6 9. Bd5 c6 10. Bb3 Bb7 11. O-O c5 12. c3 Nd7 13. Qc2 Bg7 14.
a4 e6 15. Rfe1 Qc7 16. Rac1 Rfc8 17. Ba2 a6 18. Qd3 b5 19. axb5 axb5 20. Bb1 Qb6 21. Nh4 Nf8 22. Nf1 b4 23. Ng3 bxc3 24. bxc3 Ra3 25. Qd2 Qa5 26. Qb2 Bd5 27. Be4 Rb3 28. Qc2 cxd4 29. Bxd5 Rbxc3 30. Qb2 dxe3 0-1

[Event "*** Titled Tuesday Blitz"]
[Site "Chess.com"]
[Date "2020.04.21"]
[Round "1"]
[White "Zoffy13"]
[Black "Rud_Makarian"]
[Result "0-1"]
[WhiteElo "2273"]
[BlackElo "2621"]
[TimeControl "180+1"]
[EndTime "10:04:52 PDT"]
[Termination "Rud_Makarian won on time"]

1. d4 Nf6 2. c4 e6 3. Nf3 d5 4. g3 dxc4 5. Bg2 Bd7 6. Ne5 Bc6 7. Nxc6 Nxc6 8. O-O Qd7 9. e3 Rd8 10. Qe2 e5 11. Qxc4 exd4 12. Rd1 Be7 13. exd4 Nxd4 14. Be3 c5 15. Nc3 b5 16. Qd3 b4 17. Ne4 O-O 18.
Nxf6+ Bxf6 19. Qc4 Qd6 20. Kh1 Rfe8 21. Rac1 Rc8 22.
a4 g6 23. h3 Kg7 24. Kh2 Be5 25. Kh1 Qf6 26. Rd3 Nf5 27. Rcd1 Bxg3 0-1

[Event "*** Titled Tuesday Blitz"]
[Site "Chess.com"]
[Date "2020.04.21"]
[Round "1"]
[White "AsaHoffmann"]
[Black "cassoulet"]
[Result "0-1"]
[WhiteElo "2329"]
[BlackElo "2659"]
[TimeControl "180+1"]
[EndTime "10:04:53 PDT"]
[Termination "cassoulet won by resignation"]

1. d4 d5 2. Bg5 h6 3. Bh4 g5 4. Bg3 Bg7 5. e3 c5 6. c3 Nc6 7. Bb5 Qb6 8. a4 a6 9. Bxc6+ bxc6 10. b3 cxd4 11. exd4 c5 12. Ne2 Nf6 13. Nd2 Bg4 14. f3 Bf5 15. Be5 O-O 16. O-O Rac8 17. Kh1 Rfd8 18. c4 dxc4 19. Nxc4 Qe6 20. Qe1 Bd3 21. Rd1 Bc2 22. Rc1 Bxb3 23. Ne3 Bxa4 24. Nc3 cxd4 25.
Bxf6 Bxf6 26. Nxa4 Rxc1 27. Qxc1 Qxe3 0-1

[Event "*** Titled Tuesday Blitz"]
[Site "Chess.com"]
[Date "2020.04.21"]
[Round "1"]
[White "PowerThinking2650"]
[Black "Agent-JL"]
[Result "0-1"]
[WhiteElo "2265"]
[BlackElo "2605"]
[TimeControl "180+1"]
[EndTime "10:04:55 PDT"]
[Termination "Agent-JL won by resignation"]

1. e4 c5 2. Nf3 e6 3. d4 cxd4 4. Nxd4 Nc6 5. Nb5 d6 6. c4 Nf6 7. N1c3 Be7 8. Bf4 e5 9. Bg5 a6 10. Na3 Be6 11. Be2 h6 12. Bxf6 gxf6 13. Nc2 f5 14.
Bh5 fxe4 15. Nxe4 Bxc4 16. Ne3 Be6 17. O-O d5 18. Ng3 Qd7 19. Qf3 Nd4 20. Qd1 O-O-O 21. f4 f6 22. fxe5 fxe5 23. Bf7 Rhf8 24. Qh5 Bg5 0-1

[Event "*** Titled Tuesday Blitz"]
[Site "Chess.com"]
[Date "2020.04.21"]
[Round "1"]
[White "keepitcool9499"]
[Black "Bryakin_Mikhail"]
[Result "0-1"]
[WhiteElo "2414"]
[BlackElo "2793"]
[TimeControl "180+1"]
[EndTime "10:04:56 PDT"]
[Termination "Bryakin_Mikhail won by resignation"]

1. d4 d5 2. c4 c6 3. cxd5 cxd5 4. Nc3 Nc6 5. Bf4 Nf6 6. Nf3 Qb6 7. Na4 Qa5+ 8. Bd2 Qd8 9. e3 Bg4 10. h3 Bh5 11.
Bb5 Rc8 12. Rc1 Bxf3 13. Qxf3 e6 14. Bxc6+ bxc6 15. O-O Ne4 16. Qe2 Bd6 17. Nc5 Nxc5 18. dxc5 Bb8 19. Bc3 O-O 20. Qg4 e5 21. f4 Qe7 22.
fxe5 Bxe5 23. Bd4 f6 24. Rce1 a6 25. a3 a5 26. b4 axb4 27. axb4 Rb8 28. Bxe5 Qxe5 29.
Qd7 Rfc8 30. b5 Rc7 31. Qd6 Rxb5 32. Qd8+ Kf7 33. Ra1 Re7 34. Rf3 Qxa1+ 0-1

[Event "*** Titled Tuesday Blitz"]
[Site "Chess.com"]
[Date "2020.04.21"]
[Round "1"]
[White "NTBT_DHS"]
[Black "imdarealist"]
[Result "1-0"]
[WhiteElo "2625"]
[BlackElo "2298"]
[TimeControl "180+1"]
[EndTime "10:04:56 PDT"]
[Termination "NTBT_DHS won by checkmate"]

1. d4 d5 2. c4 e6 3. Nf3 Nf6 4. g3 Bb4+ 5. Bd2 Be7 6. Bg2 O-O 7.
O-O c6 8. Qc2 a6 9. Rc1 Nbd7 10.
a4 Ne4 11. Nc3 Ndf6 12. c5 Nxc3 13. Bxc3 Ne4 14. Be1 f5 15. e3 Bf6 16. b4 Bd7 17.
Rab1 Qe8 18. h4 h6 19. Ne5 Bxe5 20. dxe5 g5 21. f3 gxh4 22. fxe4 fxe4 23. gxh4 Kh8 24. Bg3 Rg8 25. Kh2 Qg6 26. Qf2 Raf8 27. Bf4 d4 28.
Rg1 dxe3 29. Qxe3 Qg4 30. Bg3 Be8 31. Qxh6# 1-0

[Event "*** Titled Tuesday Blitz"]
[Site "Chess.com"]
[Date "2020.04.21"]
[Round "1"]
[White "Disturbed01"]
[Black "ljuks68"]
[Result "1-0"]
[WhiteElo "2662"]
[BlackElo "2339"]
[TimeControl "180+1"]
[EndTime "10:04:57 PDT"]
[Termination "Disturbed01 won by resignation"]

1. d4 d5 2. c4 c6 3. Nc3 Nf6 4. Nf3 dxc4 5. e4 b5 6. Be2 e6 7. O-O Bb7 8. b3 b4 9. e5 Nd5 10. Ne4 c3 11. Nfg5 h6 12. Nxf7 Kxf7 13. Bh5+ Ke7 14.
Nc5 Qc8 15. Qg4 Na6 16. Qh4+ Nf6 17. exf6+ gxf6 18. Ne4 Bg7 19. Qg3 1-0

[Event "*** Titled Tuesday Blitz"]
[Site "Chess.com"]
[Date "2020.04.21"]
[Round "1"]
[White "Kumi29"]
[Black "MikaelyanArman"]
[Result "1-0"]
[WhiteElo "2408"]
[BlackElo "2738"]
[TimeControl "180+1"]
[EndTime "10:04:58 PDT"]
[Termination "Kumi29 won by resignation"]

1. d4 d5 2. Nc3 Nf6 3. Bf4 a6 4.
e3 e6 5. g4 c5 6. g5 Nfd7 7. Nf3 Nc6 8. a3 b5 9. h4 Bb7 10. h5 Qb6 11. Bh3 c4 12. e4 dxe4 13. Nxe4 O-O-O 14. d5 exd5 15. Qxd5 Ne5 16. Qxe5 f5 17.
Bxf5 Bxe4 18. Qxe4 Bd6 19. Qa8+ Kc7 20. Bxd6+ Kxd6 21. Qe4 Rhe8 22. O-O-O+ Kc7 23. Rxd7+ 1-0

[Event "*** Titled Tuesday Blitz"]
[Site "Chess.com"]
[Date "2020.04.21"]
[Round "1"]
[White "GHANDEEVAM2003"]
[Black "NicoChasin"]
[Result "1-0"]
[WhiteElo "2895"]
[BlackElo "2456"]
[TimeControl "180+1"]
[EndTime "10:04:59 PDT"]
[Termination "GHANDEEVAM2003 won by resignation"]

1. Nf3 Nf6 2. c4 e6 3. g3 d5 4. b3 Be7 5. Bb2 O-O 6. Bg2 b6 7. O-O Bb7 8. e3 Nbd7 9. Nc3 c5 10. Qe2 Re8 11. Rad1 a6 12. d4 dxc4 13. bxc4 Qc7 14. d5 exd5 15. cxd5 Bd6 16. Nh4 b5 17. Nf5 b4 18. Na4 a5 19. Rfe1 Ba6 20. Qc2 c4 21. Bd4 c3 22. Nxd6 Qxd6 23. e4 Rac8 24. f4 Ng4 25. h3 Nh6 26. e5 Qf6 27. exf6 1-0

[Event "*** Titled Tuesday Blitz"]
[Site "Chess.com"]
[Date "2020.04.21"]
[Round "1"]
[White "D0wnpour"]
[Black "Chessalary"]
[Result "1-0"]
[WhiteElo "2602"]
[BlackElo "2258"]
[TimeControl "180+1"]
[EndTime "10:05:01 PDT"]
[Termination "D0wnpour won by resignation"]

1. d4 Nf6 2. c4 g6 3. Nc3 Bg7 4.
e4 d6 5. h3 O-O 6. Nf3 Nbd7 7.
Be3 e5 8. d5 Nc5 9. Nd2 a5 10.
Qc2 Ne8 11. g4 f5 12. gxf5 gxf5 13. Bxc5 dxc5 14. exf5 Bxf5 15. Bd3 Nd6 16. O-O-O Kh8 17. Nde4 Bxe4 18. Nxe4 b6 19. h4 h6 20. Rdg1 Rg8 21.
Rg6 Bf8 22. Rxg8+ Kxg8 23. Qe2 Nxe4 24. Qxe4 Qe7 25. d6 1-0

[Event "*** Titled Tuesday Blitz"]
[Site "Chess.com"]
[Date "2020.04.21"]
[Round "1"]
[White "Ovsiannikov_Maxim"]
[Black "AleksanderHnydiuk"]
[Result "0-1"]
[WhiteElo "2206"]
[BlackElo "2563"]
[TimeControl "180+1"]
[EndTime "10:05:01 PDT"]
[Termination "AleksanderHnydiuk won by resignation"]

1. d4 Nf6 2. Bg5 d5 3. Nf3 c5 4.
dxc5 Ne4 5. Bh4 Nc6 6. Nbd2 Nxc5 7. Nb3 Bf5 8. Nfd4 Nxb3 9. axb3 Bg6 10. e3 Qb6 11.
Bb5 e6 12. c4 Bb4+ 13. Kf1 O-O 14. Bxc6 bxc6 15. g4 Bd6 16. Bg3 Rfd8 17. Kg2 dxc4 18. bxc4 Bxg3 19. hxg3 c5 20. b4 cxd4 21. c5 Qc6+ 22. Qf3 Be4 0-1

[Event "*** Titled Tuesday Blitz"]
[Site "Chess.com"]
[Date "2020.04.21"]
[Round "1"]
[White "Ammaralsedrani"]
[Black "Firegrizzly"]
[Result "0-1"]
[WhiteElo "2347"]
[BlackElo "2674"]
[TimeControl "180+1"]
[EndTime "10:05:02 PDT"]
[Termination "Firegrizzly won by resignation"]

1. d4 e6 2. Nf3 d5 3. Bf4 Nf6 4. e3 Bd6 5. c3 O-O 6. Nbd2 b6 7. Bd3 c5 8. O-O Bb7 9. Ne5 Nc6 10. Bg3 Ne7 11.
f4 Nf5 12. Qf3 Ne8 13. Bxf5 exf5 14. Rfe1 Nf6 15. Bh4 Be7 16. Bxf6 Bxf6 17. Rad1 g6 18. Nf1 Qc7 19. Ng3 Bg7 20. Rd2 c4 21. Nxf5 gxf5 22.
Qh3 Bc8 23. Rf2 f6 24. Nf3 Re8 25. Nh4 Bd7 26. Rf3 Re7 27. Rg3 Rae8 28. Kf2 b5 29. Nxf5 Bxf5 30. Qxf5 Qd7 31. Qh5 a5 32. Rh3 Bf8 33.
Rg3+ Rg7 34. Rxg7+ Bxg7 35. g4 b4 36. g5 Qf7 37. g6 hxg6 38. Qg4 f5 39. Qf3 Bf6 40.
Rg1 Kg7 41. Qh3 Rh8 42. Qxf5 Bh4+ 0-1

[Event "*** Titled Tuesday Blitz"]
[Site "Chess.com"]
[Date "2020.04.21"]
[Round "1"]
[White "LuisFSiles"]
[Black "crazy_machine"]
[Result "0-1"]
[WhiteElo "2269"]
[BlackElo "2607"]
[TimeControl "180+1"]
[EndTime "10:05:03 PDT"]
[Termination "crazy_machine won by resignation"]

1. e4 d6 2. Nc3 Nf6 3. f4 g6 4. Nf3 Bg7 5. Bc4 O-O 6. d3 c6 7. Bb3 Nbd7 8. O-O Nc5 9. Kh1 d5 10. e5 Ng4 11. h3 Nh6 12. g4 f6 13. d4 Nxb3 14. axb3 Nf7 15. Be3 e6 16. exf6 Qxf6 17. Ne5 Qe7 18. Qe1 Bd7 19. Qg3 b6 20. Ne2 c5 21. c3 Bb5 22. Rf2 Nd6 23. Qg2 Ne4 24. Rf3 Bxe5 25. dxe5 Bc6 26. Kh2 d4 27. cxd4 Ng5 28.
fxg5 Bxf3 29. Qf2 Bxg4 30. Qg2 Bf3 31. Qf2 Bxe2 32. Qxe2 cxd4 33. Bxd4 Qxg5 34. Rg1 Qf4+ 0-1

[Event "*** Titled Tuesday Blitz"]
[Site "Chess.com"]
[Date "2020.04.21"]
[Round "1"]
[White "rpragchess"]
[Black "Rakesh"]
[Result "1-0"]
[WhiteElo "2749"]
[BlackElo "2390"]
[TimeControl "180+1"]
[EndTime "10:05:04 PDT"]
[Termination "rpragchess won by resignation"]

1. e4 c5 2. Nf3 e6 3. g3 Nc6 4.
Bg2 g6 5. d4 cxd4 6. Nxd4 Nge7 7.
Nb5 d5 8. exd5 exd5 9. Bf4 Bg7 10. Nc7+ Kf8 11. Nxa8 Bxb2 12. Nd2 Bf5 13. Rb1 Bf6 14. O-O Qxa8 15. Bh6+ Bg7 16. Bxg7+ Kxg7 17. Nb3 Rd8 18.
Nd4 Nxd4 19. Qxd4+ Kg8 20. Rfe1 Nc6 21. Qd2 Qc8 22.
Rb5 d4 23. h4 a6 24. Rc5 Qd7 25. h5 gxh5 26. Rd5 Qc8 27. Qg5+ Bg6 28. Rxd8+ Qxd8 29. Qxd8+ Nxd8 30. Re8+ Kg7 31. Rxd8 Bxc2 32. Rxd4 1-0

[Event "*** Titled Tuesday Blitz"]
[Site "Chess.com"]
[Date "2020.04.21"]
[Round "1"]
[White "Lagmantr"]
[Black "chess4life23"]
[Result "0-1"]
[WhiteElo "2716"]
[BlackElo "2413"]
[TimeControl "180+1"]
[EndTime "10:05:04 PDT"]
[Termination "chess4life23 won by checkmate"]

1. e4 c6 2. Nc3 d5 3. d4 dxe4 4. Nxe4 Nd7 5. Nf3 Ngf6 6. Nxf6+ Nxf6 7. Bd3 Bg4 8. c3 e6 9. h3 Bh5 10. g4 Bg6 11. Ne5 Qd5 12. Rg1 Bd6 13. Bf4 Bxd3 14.
Qxd3 Bxe5 15. Bxe5 Qe4+ 16. Qxe4 Nxe4 17. Bxg7 Rg8 18.
Be5 f6 19. Bh2 h5 20. Ke2 O-O-O 21. f3 Ng5 22. h4 Nh3 23. Rg3 Nf4+ 24. Ke3 Ng6 25.
gxh5 Nxh4 26. Rh3 Nf5+ 27. Kf2 e5 28. dxe5 Rd2+ 29. Ke1 Rgg2 30. Bf4 Rde2+ 31. Kd1 fxe5 32. h6 exf4 33. h7 Ne3+ 34. Kc1 Rg1# 0-1

[Event "*** Titled Tuesday Blitz"]
[Site "Chess.com"]
[Date "2020.04.21"]
[Round "1"]
[White "IMRosen"]
[Black "HansCoolNiemann"]
[Result "0-1"]
[WhiteElo "2466"]
[BlackElo "2956"]
[TimeControl "180+1"]
[EndTime "10:05:05 PDT"]
[Termination "HansCoolNiemann won on time"]

1. d4 Nf6 2. Bf4 g6 3. Nc3 d5 4. e3 Bg7 5. h4 O-O 6. h5 c5 7.
hxg6 fxg6 8. Nf3 Nc6 9. Ne5 cxd4 10. exd4 Qb6 11. Nxc6 bxc6 12. Rb1 Ng4 13. Be3 e5 14. Na4 Qc7 15. Qd2 Nxe3 16. Qxe3 exd4 17. Qg3 Qa5+ 18.
b4 Qxa4 19. Qh4 Qxc2 20. Qxh7+ Kf7 0-1

[Event "*** Titled Tuesday Blitz"]
[Site "Chess.com"]
[Date "2020.04.21"]
[Round "1"]
[White "AlanZhang"]
[Black "Artem_Sadovsky"]
[Result "0-1"]
[WhiteElo "2165"]
[BlackElo "2549"]
[TimeControl "180+1"]
[EndTime "10:05:05 PDT"]
[Termination "Artem_Sadovsky won on time"]

1. e4 g6 2. d4 Bg7 3. Nc3 d6 4. Be3 e5 5. Qd2 Nc6 6. Nge2 f5 7. f3 Nf6 8. d5 Ne7 9. h3 b5 10. a3 a5 11. g4 Ba6 12. b4 fxe4 13. fxe4 c6 14. Ng3 cxd5 15. exd5 Qd7 16. g5 Nfxd5 17. Nxd5 Nxd5 18. Bg2 Nxe3 19. Qxe3 d5 0-1

[Event "*** Titled Tuesday Blitz"]
[Site "Chess.com"]
[Date "2020.04.21"]
[Round "1"]
[White "inegrepus"]
[Black "Aikiigm"]
[Result "0-1"]
[WhiteElo "2258"]
[BlackElo "2602"]
[TimeControl "180+1"]
[EndTime "10:05:06 PDT"]
[Termination "Aikiigm won by resignation"]

1. d4 Nf6 2. c4 Nc6 3. Nf3 e6 4. Nc3 Bb4 5. e3 d6 6. Bd2 O-O 7. Bd3 Qe7 8. a3 Bxc3 9. Bxc3 e5 10. d5 Nb8 11. e4 Nbd7 12. Qe2 a5 13. b3 Nc5 14.
Rb1 Bg4 15. h3 Bh5 16. g4 Bg6 17. Nd2 Nxd3+ 18. Qxd3 Nd7 19. O-O Nc5 20. Qe2 c6 21. Kg2 cxd5 22. cxd5 Rfc8 23. Ba1 f6 24. f3 Be8 25.
Nc4 Qd8 26. Ne3 b5 27. Nf5 b4 28. a4 Rc7 29. Rfc1 Rac8 30. Qe3 Bg6 31. f4 exf4 32.
Qxf4 Bxf5 33. Qxf5 Qd7 34. Bd4 Qxf5 35. exf5 Kf7 36. Rc4 Nd7 37. Rbc1 Rxc4 38. Rxc4 Rxc4 39. bxc4 Ne5 40. Bxe5 dxe5 41. c5 Ke7 42. c6 Kd6 43. h4 b3 44. g5 b2 0-1

[Event "*** Titled Tuesday Blitz"]
[Site "Chess.com"]
[Date "2020.04.21"]
[Round "1"]
[White "jfriedel"]
[Black "northridgehawk"]
[Result "1-0"]
[WhiteElo "2584"]
[BlackElo "2229"]
[TimeControl "180+1"]
[EndTime "10:05:08 PDT"]
[Termination "jfriedel won by checkmate"]

1. d4 Nf6 2. c4 g6 3. Nf3 Bg7 4. g3 d5 5. cxd5 Nxd5 6. Bg2 O-O 7. O-O Nc6 8. Nc3 Nb6 9. e3 e5 10. d5 Na5 11. e4 c6 12. Bg5 f6 13. Be3 Nac4 14. Bc5 Re8 15. b3 Na5 16. Rc1 cxd5 17. Bxb6 axb6 18. Nxd5 Nc6 19. h3 Rxa2 20. Qd3 f5 21.
Rfd1 Be6 22. Qb5 Rb2 23. Nf4 Qe7 24. Nxe6 Qxe6 25. exf5 gxf5 26. Ng5 Qg6 27. Bxc6 bxc6 28.
Qc4+ Kf8 29. Rd7 b5 30. Nxh7+ Qxh7 31. Qf7# 1-0

[Event "*** Titled Tuesday Blitz"]
[Site "Chess.com"]
[Date "2020.04.21"]
[Round "1"]
[White "Kosche007"]
[Black "Dyadya81"]
[Result "0-1"]
[WhiteElo "2322"]
[BlackElo "2655"]
[TimeControl "180+1"]
[EndTime "10:05:09 PDT"]
[Termination "Dyadya81 won by resignation"]

1. e4 c6 2. d4 d5 3. Nd2 dxe4 4. Nxe4 Bf5 5. Ng3 Bg6 6. Nf3 Nd7 7. h4 h6 8. h5 Bh7 9. Bd3 Bxd3 10. Qxd3 e6 11. Bd2 Ngf6 12. O-O-O Qc7 13. Qe2 Bd6 14. Nf5 Bf4 15. Ne3 O-O-O 16. g3 Bxe3 17. Bxe3 c5 18. Bf4 Qa5 19. Kb1 Nd5 20. Bd2 Qb6 21. c4 Nb4 22. Bxb4 Qxb4 23. Ne5 Nxe5 24. dxe5 Rd4 25. Rxd4 cxd4 26.
Rd1 Rd8 27. Qe4 Qc5 28. b3 a5 29. f4 a4 30. Rd3 Kb8 31. Kb2 b5 32. cxb5 Rc8 33.
Qe1 a3+ 0-1

[Event "*** Titled Tuesday Blitz"]
[Site "Chess.com"]
[Date "2020.04.21"]
[Round "1"]
[White "1f3_2g41-0"]
[Black "bilelou"]
[Result "0-1"]
[WhiteElo "2160"]
[BlackElo "2548"]
[TimeControl "180+1"]
[EndTime "10:05:13 PDT"]
[Termination "bilelou won by resignation"]

1. e4 c5 2. Nf3 Nc6 3. Bb5 Nf6 4. e5 Nd5 5. O-O Nc7 6. Bxc6 dxc6 7. c3 Bg4 8. d4 Bxf3 9. Qxf3 cxd4 10. Rd1 Qd5 11.
Qg3 Qe4 12. cxd4 e6 13. Nc3 Qg6 14. Qf3 Be7 15. Bf4 O-O 16. Rac1 f6 17. exf6 Rxf6 18. Qe3 Na6 19. Bg5 Rf7 20. Bxe7 Rxe7 21. d5 e5 22. d6 Rd7 23. Qxe5 Rad8 24. Ne4 h6 25. Rc3 Re8 26. Nc5 Rxe5 27. Nxd7 Qxd6 0-1